Map: Overgrowth LE (Void)

Players

Sireals

  • Race: Zerg Zerg
  • League: Diamond
  • Spawn Location: 7:00

GaViRo - Winner!

  • Race: Zerg Zerg
  • League: Platinum
  • Spawn Location: 1:00

VOD

Have the link to the VOD?

Description

Time

  • Played on: Jan. 10, 2017, 5:41 a.m.
  • Length: 8:37
Show
View Real Time Build Order
Export as new Build Order

Sireals Zerg 

Build Orders: Pool First 

Get SALT Encoding   

  12  0:00  Drone  
  13  0:10  Drone  
  14  0:17  Overlord  
  14  0:29  Extractor  
  14  0:30  Extractor, Drone x2  
  14  0:35  Drone  
  17  0:46  Spawning Pool  
  16  0:51  Extractor, Drone  
  16  0:55  Drone  
  17  1:16  Hatchery  
  17  1:18  Drone  
  17  1:25  Drone  
  18  1:29  Drone  
  19  1:37  Drone  
  20  1:40  Queen  
  22  1:48  Overlord  
  22  2:06  Metabolic Boost  
  22  2:07  Zergling x2  
  23  2:10  Zergling x2  
  24  2:22  Queen  
  26  2:23  Zergling x2  
  26  2:29  Zergling x2  
  30  2:40  Zergling x2  
  28  2:59  Hatchery  
  27  3:15  Drone x2  
  27  3:18  Overlord x2  
  29  3:31  Overlord  
  29  3:32  Overlord  
  29  3:38  Hatchery  
  28  3:48  Zergling x6  
  27  3:56  Queen  
  27  4:01  Drone  
  30  4:07  Baneling Nest  
  30  4:08  Drone  
  30  4:25  Drone x6  
  36  4:44  Overlord  
  36  4:45  Zergling x6  
  35  4:46  Zergling x2  
  37  4:55  Spine Crawler  
  37  4:58  Evolution Chamber  
  37  4:59  Evolution Chamber  
  34  5:03  Roach Warren  
  34  5:05  Zergling x4  
  35  5:09  Zergling x2, Drone  
  35  5:11  Drone  
  38  5:22  Baneling x3  
  38  5:24  Baneling  
  38  5:31  Drone x6  
  44  5:44  Drone x5  
  48  5:57  Zerg Ground Armor Level 1  
  40  6:11  Zergling x2  
  40  6:12  Zergling x20  
  40  6:17  Queen  
  53  6:33  Baneling  
  53  6:34  Baneling  
  53  6:35  Baneling x2  
  53  6:38  Drone x6  
  59  6:42  Lair  
  59  6:45  Extractor  
  59  6:46  Extractor  
  57  6:53  Hatchery  
  56  6:58  Baneling x3  
  56  7:02  Baneling x3  
  54  7:29  Drone x3  
  58  7:30  Drone  
  58  7:39  Overlord x3  
  58  7:45  Overlord x4  
  58  7:46  Overlord  
  57  8:12  Spire  
  57  8:16  Drone x7  
  62  8:23  Hatchery  
Show
View Real Time Build Order
Export as new Build Order

GaViRo Zerg - Winner!

Build Orders: Pool First 

Get SALT Encoding   

  12  0:01  Drone  
  13  0:13  Overlord  
  13  0:17  Drone  
  14  0:32  Spawning Pool  
  13  0:37  Drone  
  13  0:41  Drone  
  15  0:46  Drone  
  16  1:16  Hatchery  
  15  1:19  Zergling x6  
  15  1:23  Extractor  
  17  1:30  Zergling x2  
  18  1:34  Queen  
  20  1:41  Zergling x2  
  21  1:51  Overlord  
  21  2:02  Drone  
  22  2:12  Queen  
  22  2:14  Drone  
  25  2:23  Drone  
  25  2:27  Drone  
  27  2:36  Drone  
  28  2:43  Metabolic Boost  
  27  2:45  Queen  
  29  3:00  Drone x4  
  33  3:08  Drone  
  33  3:09  Overlord  
  34  3:15  Drone x2  
  35  3:26  Baneling Nest  
  34  3:28  Zergling x2  
  34  3:29  Zergling x4  
  30  3:48  Drone  
  30  3:49  Drone x4  
  34  3:57  Queen  
  34  4:00  Queen  
  38  4:10  Baneling x2  
  38  4:11  Baneling  
  38  4:12  Drone  
  38  4:13  Drone x2  
  38  4:16  Drone x2  
  43  4:21  Drone  
  44  4:25  Overlord  
  44  4:44  Drone x4  
  47  4:46  Zergling x8  
  51  4:57  Lair  
  51  5:03  Hatchery  
  51  5:04  Evolution Chamber  
  49  5:08  Evolution Chamber  
  49  5:09  Extractor x2, Drone x3  
  49  5:11  Overlord  
  49  5:27  Zergling x4  
  51  5:29  Overlord x3  
  51  5:35  Drone x3  
  53  5:38  Extractor, Drone x3  
  56  5:47  Zerg Melee Weapons Level 1  
  56  5:48  Zerg Ground Armor Level 1  
  56  5:59  Drone x5  
  60  6:12  Drone x3  
  60  6:15  Drone x3  
  66  6:23  Spire  
  66  6:25  Overlord x2  
  65  6:32  Drone x2  
  67  6:33  Drone  
  67  6:38  Extractor  
  67  6:41  Drone  
  67  6:42  Extractor, Overlord x2, Drone  
  67  6:54  Queen  
  69  7:03  Overlord x2  
  63  7:36  Mutalisk  
  63  7:37  Mutalisk x9  
  63  7:38  Mutalisk  
  63  7:40  Drone  
  63  7:41  Drone x5  
  91  7:45  Evolution Chamber  
  91  7:47  Spine Crawler x2  
  91  7:50  Spine Crawler  
  91  7:51  Zergling x6  
  86  8:05  Mutalisk x4  
  88  8:09  Drone x4  
  88  8:10  Drone x2  
Tags
 
Add a new tag
Caveats
  • Supply blocks, unpowered buildings, or Contaminate may cause inaccurate times.
  • Supply counts are checked every 10 seconds.